 Dungeon Crawl Stone Soup version 0.21-a0-203-gb066a6e (webtiles) character file.

24 namelastname112 the Ducker (level 2, -1/14 HPs)
             Began as a Felid Abyssal Knight on Aug 19, 2017.
             Was a Follower of Lugonu.
             Killed from afar by a dart slug (6 damage)
             ... with a slug dart
             ... on level 1 of the Dungeon.
             The game lasted 00:02:57 (1057 turns).

namelastname112 the Ducker (Felid Abyssal Knight)   Turns: 1057, Time: 00:02:59

Health: -1/14      AC:  1    Str:  8    XL:     2   Next: 79%
Magic:  4/4        EV: 19    Int: 13    God:    Lugonu [*.....]
Gold:   22         SH:  0    Dex: 15    Spells: 1/1 levels left
                                        Lives:  0   Deaths: 0

rFire    . . .     SeeInvis +     - Unarmed
rCold    . . .     Gourm    .   (shield unavailable)
rNeg     . . .     Faith    .   (armour unavailable)
rPois    .         Spirit   .   (helmet unavailable)
rElec    .         Reflect  .   (cloak unavailable)
rCorr    .         Harm     .   (gloves unavailable)
MR       .....                  (boots unavailable)
Stlth    ++........             (no amulet)
HPRegen  0.04/turn              (no ring)
MPRegen  0.09/turn              (no ring)

@: quick
A: no armour, no weapons or thrown items, stealth, claws 1, fangs 3, see
invisible, carnivore 3, speed 1, shaggy fur 1, slow metabolism 1, sharp paws
a: Depart the Abyss, Renounce Religion


You were on level 1 of the Dungeon.
You worshipped Lugonu.
Lugonu was aware of your devotion.
You were not hungry.

You visited 1 branch of the dungeon, and saw 1 of its levels.
You visited the Abyss 1 time.

You collected 22 gold pieces.

Inventory:

Potions
 b - a potion of brilliance {unknown}
 c - 2 potions of curing {unknown}
Comestibles
 a - a meat ration


   Skills:
 + Level 3.5 Fighting
 + Level 3.7 Dodging
 + Level 0.4 Stealth
 + Level 2.1 Unarmed Combat
 + Level 1.9 Invocations


You had one spell level left.
You didn't know any spells.

Dungeon Overview and Level Annotations

Branches:
Dungeon (1/15)

Altars:


Innate Abilities, Weirdness & Mutations

You cannot wear armour.
You are incapable of wielding weapons or throwing items.
Your paws allow you to move quietly. (Stealth)
You have sharp claws.
You have razor-sharp teeth.
You have supernaturally acute eyesight. (SInv)
You are carnivorous and can eat meat at any time.
You cover ground quickly.
You are covered in fur. (AC +1)
You have a slow metabolism.
Your sharp claws are effective at attacking unaware monsters.


Message History

The kobold hits you with a short sword.
You take 4 damage, and have 7/14 hp.
MASSIVE DAMAGE!!
You are too injured to fight recklessly!
You are too injured to fight recklessly!
Things that are here:
a club; a hobgoblin corpse You barely miss the kobold.
Your bite misses the kobold. The kobold hits you with a short sword.
You take 2 damage, and have 6/14 hp.
You closely miss the kobold. The kobold completely misses you.
You scratch the kobold.
The kobold is severely wounded.
The kobold hits you with a short sword.
You take 1 damage, and have 5/14 hp.
You scratch the kobold.
You kill the kobold!
Lugonu accepts your kill. The dart slug launches a dart at you.
The slug dart hits you!
You die...

### #.. #.. #.# ###########
####.# ..........#
#....############.#########
#...>)..w..)@.....).%.....#
#....#########....#######.#
#....# ##.####### #.###
#....# #........# #....
#...w# #........# #####
#....# #........# #....#
#........# #....#
##.#...### ...... #.#.#.#


You could see a dart slug.

Vanquished Creatures
  An ooze (D:1)
  A dart slug (D:1)
  2 leopard geckos (D:1)
  3 goblins (D:1)
  2 hobgoblins (D:1)
  2 bats (D:1)
  2 frilled lizards (D:1)
  3 kobolds (D:1)
  A rat (D:1)
17 creatures vanquished.

Notes
Turn   | Place    | Note
-------+----------+-------------------------------------------
     0 | Abyss:1  | namelastname112 the Felid Abyssal Knight began the quest for the Orb.
     0 | Abyss:1  | Reached XP level 1. HP: 10/10 MP: 3/3
     0 | Abyss:1  | epen: ну на сприганов же есть маленькие плащи
     0 | Abyss:1  | namelastname112: они не настолько маленькие
    32 | Abyss:1  | Noticed a ynoxinul
    33 | Abyss:1  | Noticed a smoke demon
    53 | Abyss:1  | Noticed a small abomination
    71 | Abyss:1  | epen: слыш
    76 | D:1      | Escaped the Abyss
   113 | D:1      | epen: чисто гипотетичски
   121 | D:1      | Reached * piety under Lugonu
   123 | D:1      | epen: можно со старта руну взять?
   255 | D:1      | epen: или это прям совсем ненастоящий абис?
   255 | D:1      | namelastname112: лол
   255 | D:1      | namelastname112: ??ak challeng
   255 | D:1      | beem: I don't have a page labeled ak_challeng in my learndb.
   255 | D:1      | namelastname112: ??ak challenge
   255 | D:1      | beem: I don't have a page labeled ak_challenge in my learndb.
   255 | D:1      | namelastname112: блять
   255 | D:1      | namelastname112: короче есть челленд
   255 | D:1      | namelastname112: ж
   255 | D:1      | namelastname112: начать за ак
   255 | D:1      | namelastname112: и докачаться до 27
   255 | D:1      | namelastname112: не выходя с абисса
   361 | D:1      | epen: лол блят
   384 | D:1      | epen: на ком там качаться?
   393 | D:1      | Reached XP level 2. HP: 9/14 MP: 4/4
   503 | D:1      | epen: на смоук демонах?
   503 | D:1      | namelastname112: бля
   503 | D:1      | namelastname112: некоторых мобов вполне реально убить на первом лвле там
   503 | D:1      | namelastname112: я смол абомов убивал
   504 | D:1      | epen: а потом пришла звезда
   504 | D:1      | namelastname112: ??ak robin
   504 | D:1      | beem: ak robin ~ akrobin[1/2]: Play an AK. Get to XL 27 without ever entering the Dungeon.
   549 | D:1      | epen: ??ak robin [2
   554 | D:1      | beem: ak robin ~ akrobin[2/2]: Tragedy: !lg akrobin xl=25 2 -log
   618 | D:1      | epen: !lg akrobin xl=25 2 -log
   628 | D:1      | beem: 2. akrobin, XL25 SpAK, T:125959: http://dobrazupa.org/morgue/akrobin/morgue-akrobin-20140519-073919.txt
  1057 | D:1      | Killed from afar by a dart slug

Vault maps used:
D:1:      elethiomel_arrival_quiet

Action                   || total
-------------------------++-------
Melee: Unarmed           ||    57
       Bite              ||     5
Invok: Depart the Abyss  ||     1
 Stab: Sleeping          ||     1
  Eat: Chunk             ||     1
Armor: Skin              ||     3
Dodge: Dodged            ||    39
